 Dungeon Crawl Stone Soup version 0.14-a0-2091-gca92d1a (webtiles) character file.

2149 Kae the Conjurer (level 9, -1/45 HPs)
             Began as a Tengu Fire Elementalist on Jan 25, 2014.
             Was a Believer of Vehumet.
             Slain by a centaur (9 damage)
             ... on Level 8 of the Dungeon on Jan 26, 2014.
             The game lasted 00:14:13 (8213 turns).

Kae the Conjurer (Tengu Fire Elementalist)          Turns: 8213, Time: 00:14:13

HP  -1/45        AC  2     Str 10      XL: 9   Next: 27%
MP  13/22        EV 12     Int 18      God: Vehumet [**....]
Gold 66          SH 11     Dex 14      Spells:  6 memorised,  5 levels left

rFire  . . .     SeeInvis +     l - staff of wizardry
rCold  . . .     Clarity  .     a - +0 robe
rNeg   . . .     Conserve .     J - +1 buckler {reflect}
rPois  .         rCorr    .     (helmet restricted)
rElec  .         rRot     .     (no cloak)
SustAb . .       Spirit   .     (no gloves)
rMut   .         Warding  .     (boots unavailable)
Saprov . . .     Stasis   .     (no amulet)
MR     .....                    (no ring)
                                H - ring of see invisible

@: mildly poisoned, not resistant to hostile enchantments, fairly stealthy
A: able to fly, beak, talons 3
a: Fly, Renounce Religion


You were on level 8 of the Dungeon.
You worshipped Vehumet.
Vehumet was pleased with you.
You were hungry.

You visited 2 branches of the dungeon, and saw 9 of its levels.

You collected 314 gold pieces.
You spent 248 gold pieces at shops.

Inventory:

Missiles
 i - 4 tomahawks
 v - 3 tomahawks of returning (quivered)
Armour
 a - a +0 robe (worn)
 J - a +1 buckler of reflection (worn)
Magical devices
 m - a wand of confusion (11) {unknown}
Comestibles
 c - 6 bread rations
 t - a meat ration
 u - 4 pears
 x - 9 grapes
 A - 2 chokos
 C - 2 oranges
Scrolls
 f - 3 scrolls of teleportation
 h - 7 scrolls of remove curse {unknown}
 k - 5 scrolls of identify
 n - a scroll of blinking
 p - a scroll of magic mapping
 r - a scroll of fear
 w - a scroll of amnesia
 F - a scroll of random uselessness {unknown}
 G - a scroll of enchant armour
 K - a scroll of curse armour {unknown}
 M - a scroll of noise {unknown}
Jewellery
 y - a +3 ring of protection {unknown}
 H - a ring of see invisible (left hand)
Potions
 d - a potion of heal wounds
 e - a potion of agility {unknown}
 g - 2 potions of restore abilities
 j - 8 potions of curing {unknown}
 o - 2 potions of degeneration
 z - a potion of flight
 B - a potion of invisibility
 D - a potion of might
Books
 b - a book of Flames

   Spells                             Type                      Level
   *Flame Tongue                      Conjuration/Fire             1
   *Throw Flame                       Conjuration/Fire             2
   *Conjure Flame                     Conjuration/Fire             3
   Inner Flame                        Hexes/Fire                   3
   *Sticky Flame                      Conjuration/Fire             4
   Fireball                           Conjuration/Fire             5
 q - a book of Spatial Translocations

   Spells                             Type                      Level
   *Apportation                       Translocation                1
   Portal Projectile                  Translocation                2
   Blink                              Translocation                2
   Shroud of Golubria                 Charms/Translocation         2
   Teleport Other                     Translocation                3
   Passage of Golubria                Translocation                4
 s - a book of Hinderance

   Spells                             Type                      Level
   Confusing Touch                    Hexes                        1
   Slow                               Hexes                        2
   Confuse                            Hexes                        3
   Petrify                            Transmutation/Earth          4
   Leda's Liquefaction                Hexes/Earth                  4
   Metabolic Englaciation             Hexes/Ice                    6
 E - a book of the Tempests

   Spells                             Type                      Level
   Static Discharge                   Conjuration/Air              3
   Lightning Bolt                     Conjuration/Air              5
   Fireball                           Conjuration/Fire             5
   Tornado                            Air                          9
   Shatter                            Earth                        9
 I - a book of the Sky

   Spells                             Type                      Level
   Flight                             Charms/Air                   3
   Airstrike                          Air                          4
   Silence                            Hexes/Air                    5
   Deflect Missiles                   Charms/Air                   6
   Conjure Ball Lightning             Conjuration/Air              6
   Tornado                            Air                          9
 L - a book of Debilitation

   Spells                             Type                      Level
   Corona                             Hexes                        1
   Slow                               Hexes                        2
   Inner Flame                        Hexes/Fire                   3
   Enslavement                        Hexes                        4
   Cause Fear                         Hexes                        4
   Leda's Liquefaction                Hexes/Earth                  4
Magical staves
 l - an uncursed staff of wizardry (weapon)


   Skills:
 - Level 2.1 Dodging
 - Level 2.0 Stealth
 * Level 3.0 Shields
 + Level 4.9 Spellcasting
 * Level 9.4 Conjurations
 * Level 8.8 Fire Magic


You had 5 spell levels left.
You knew the following spells:

 Your Spells              Type           Power        Failure   Level  Hunger
a - Flame Tongue          Conj/Fire      #####        1%          1    None
b - Throw Flame           Conj/Fire      #####.       1%          2    #......
c - Conjure Flame         Conj/Fire      #####...     1%          3    ###....
d - Sticky Flame          Conj/Fire      #####...     1%          4    ####...
e - Apportation           Tloc           #.........   4%          1    None
f - Shock                 Conj/Air       ###.         1%          1    None


Dungeon Overview and Level Annotations

Branches:
Dungeon (8/16)             Temple (1/1) D:4
   Lair: D:8-11

Altars:
Cheibriados
Elyvilon
Fedhas
Kikubaaqudgha
Nemelex Xobeh
Okawaru
Sif Muna
Vehumet
Xom
Yredelemnul
Zin
The Shining One

Shops:
D:7 ([/*(


Innate Abilities, Weirdness & Mutations

You can fly.
You have a beak for a mouth.
You have claws for feet.


Message History

The worker ant bites you but does no damage.
The centaur hits you.
Casting: Flame Tongue
Confirm with . or Enter, or press ? or * to list all spells.
Aiming: Flame Tongue
Press: ? - help, Shift-Dir - straight line, f/p - worker ant
Aim: a worker ant (moderately wounded)
The flame hits the worker ant.
The worker ant is severely wounded.
The centaur hits you. The worker ant bites you!
* * * LOW HITPOINT WARNING * * *
Casting: Flame Tongue
Confirm with . or Enter, or press ? or * to list all spells.
Aiming: Flame Tongue
Press: ? - help, Shift-Dir - straight line, f/p - worker ant
Aim: a worker ant (severely wounded)
The flame hits the worker ant.
The worker ant is severely wounded.
The centaur hits you!
You die...

##......#
###.......##
###.....#....###
###......###.>...#
##.......##
#.....# #......###
###...## .)...###
#....# ...###
##...# ..># #.@..#
.### #ca.## ##
#.<..# # #..(## #
....# ....## #...#
###


You could see a centaur and a worker ant.

Vanquished Creatures
  The ghost of wojtek the Slicer, an experienced KoAs of Dithmengos (D:7)
  Eustachio (D:6)
  A sky beast (D:7)
  An ice beast (D:6)
  2 orc warriors
  A centaur (D:5)
  2 giant frogs (D:6)
  The ghost of Kae the Firebug, an average TeFE (D:3)
  A wyvern skeleton (D:7)
  A goliath beetle (D:7)
  3 iguanas
  3 orc priests
  2 crimson imps
  6 orc wizards
  A hound (D:6)
  A scorpion (D:4)
  2 worker ants
  A hound zombie (D:5)
  A hound skeleton (D:4)
  6 adders
  An inept item mimic (D:3)
  4 worms
  An iguana zombie (D:5)
  An adder skeleton (D:4)
  An adder zombie (D:5)
  2 giant eyeballs (D:4)
  An ooze (D:1)
  19 orcs
  8 bats
  A bat zombie (D:5)
  5 giant cockroaches
  13 goblins
  11 hobgoblins
  4 training dummies (D:7)
  4 ball pythons
  2 giant geckos
  A giant gecko skeleton (D:5)
  A giant gecko zombie (D:6)
  9 giant newts
  3 goblin zombies (D:5)
  A hobgoblin skeleton (D:4)
  A hobgoblin zombie (D:5)
  6 jackals
  15 kobolds
  A kobold skeleton (D:6)
  An orc skeleton (D:4)
  4 quokkas
  16 rats
  2 rat skeletons (D:7)
  A rat zombie (D:6)
178 creatures vanquished.

Notes
Turn   | Place    | Note
--------------------------------------------------------------
     0 | D:1      | Kae, the Tengu Fire Elementalist, began the quest for the Orb.
     0 | D:1      | Reached XP level 1. HP: 10/10 MP: 3/3
   154 | D:1      | Reached XP level 2. HP: 10/15 MP: 1/5
   797 | D:2      | Reached XP level 3. HP: 10/19 MP: 1/7
   886 | D:2      | Reached skill level 4 in Fire Magic
   899 | D:2      | Learned a level 2 spell: Throw Flame
   903 | D:2      | Learned a level 3 spell: Conjure Flame
  1656 | D:3      | Noticed Kae's ghost (average TeFE)
  1932 | D:2      | Reached XP level 4. HP: 16/24 MP: 6/9
  2576 | D:3      | Reached XP level 5. HP: 18/28 MP: 0/12
  3397 | D:3      | Learned a level 4 spell: Sticky Flame
  3414 | D:3      | Killed Kae's ghost
  3414 | D:3      | Reached skill level 5 in Fire Magic
  3414 | D:3      | Reached XP level 6. HP: 5/32 MP: 2/15
  3710 | D:4      | Learned a level 1 spell: Apportation
  3798 | D:4      | Found a staircase to the Ecumenical Temple.
  3798 | D:4      | Paralysed by a giant eyeball for 3 turns
  3804 | D:4      | Paralysed by a giant eyeball for 2 turns
  3819 | Temple   | Entered the Ecumenical Temple
  4134 | Temple   | Became a worshipper of Vehumet
  4189 | D:4      | Reached skill level 5 in Conjurations
  4784 | D:5      | Entered Level 5 of the Dungeon
  5108 | D:5      | Reached skill level 6 in Fire Magic
  5108 | D:5      | Reached XP level 7. HP: 19/36 MP: 12/17
  5324 | D:5      | Acquired Vehumet's first power
  5324 | D:5      | Offered knowledge of Shock by Vehumet.
  5966 | D:6      | Learned a level 1 spell: Shock
  6208 | D:6      | Noticed Eustachio
  6225 | D:6      | Killed Eustachio
  6225 | D:6      | Reached skill level 7 in Conjurations
  6225 | D:6      | Reached XP level 8. HP: 23/41 MP: 3/20
  7044 | D:6      | Reached skill level 8 in Conjurations
  7085 | D:6      | Offered knowledge of Magic Dart by Vehumet.
  7256 | D:7      | Found Ihonteunepp's Armour Boutique.
  7269 | D:7      | Bought a +0 buckler of reflection for 227 gold pieces
  7349 | D:7      | Found Hypyam's Weapon Shop.
  7418 | D:7      | Found Xonniese's Assorted Antiques.
  7491 | D:7      | Bought a cyan potion for 21 gold pieces
  7494 | D:7      | Found Streniok's Antique Weapon Emporium.
  7612 | D:7      | Reached skill level 1 in Shields
  7617 | D:7      | Found Ofauwio's Magical Wand Emporium.
  7802 | D:7      | Noticed wojtek's ghost (experienced KoAs)
  7825 | D:7      | Killed wojtek's ghost
  7825 | D:7      | Reached skill level 9 in Conjurations
  7825 | D:7      | Reached XP level 9. HP: 32/45 MP: 14/22
  8213 | D:8      | Slain by a centaur

Action                   |  1- 3 |  4- 6 |  7- 9 || total
-------------------------+-------+-------+-------++-------
Melee: Unarmed           |    45 |       |       ||    45
       Staff             |    11 |    49 |    51 ||   111
 Cast: Flame Tongue      |    66 |   129 |   143 ||   338
       Conjure Flame     |       |     1 |     3 ||     4
       Sticky Flame      |       |     3 |     7 ||    10
       Throw Flame       |       |     1 |    22 ||    23
       Shock             |       |       |    14 ||    14
  Use: Potion            |     1 |     1 |       ||     2
       Scroll            |       |       |    16 ||    16
 Stab: Sleeping          |       |     1 |     1 ||     2
